 Dungeon Sprint DCSS version 0.25-a0-1071-g2607d5cfa1 (webtiles) character file.

Game seed: 16373053297817384627, levelgen mode: deterministic

8903 Conn the Thaumaturge (level 11, -9/121 HPs)
             Began as an Octopode Fire Elementalist on May 14, 2020.
             Was the Champion of Sif Muna.
             Mangled by a ghost moth (10 damage)
             ... in the Dungeon (Sprint VII: "The Pits").
             The game lasted 00:29:51 (3022 turns).

Conn the Thaumaturge (Octopode Fire Elementalist)   Turns: 3022, Time: 00:29:51

Health: -9/121     AC:  4    Str:  6 (7)  XL:     11   Next: 38%
Magic:  0/28       EV: 19    Int: 20      God:    Sif Muna [******]
Gold:   0          SH:  0    Dex: 14 (17) Spells: 5/36 levels left

rFire    . . .     SeeInvis .   o - +2 rapier (elec)
rCold    . . .     Gourm    .   (no shield)
rNeg     . . .     Faith    .   (helmet restricted)
rPois    .         Spirit   .   (no amulet)
rElec    .         Reflect  .   e - +3 ring of protection
rCorr    .         Harm     .   l - +3 ring of dexterity
MR       .....     NoTele   +   (no ring)
Stlth    ..........             (no ring)
HPRegen  0.30/turn              (no ring)
MPRegen  0.21/turn              (no ring)
                                (no ring)
                                (no ring)

@: berserking, stab, very quick
A: almost no armour, stealthy swim, amphibious, 8 rings, constrict 8, camouflage
1, gelatinous body 1
a: Channel Magic, Forget Spell, Divine Exegesis, Renounce Religion


You were in the Dungeon.
You worshipped Sif Muna.
Sif Muna was exalted by your worship.
You were not hungry.

You visited 1 branch

Inventory:

Hand Weapons
 a - a +2 dagger of venom
 o - a +2 rapier of electrocution (weapon)
Jewellery
 e - a +3 ring of protection (left tentacle)
 l - a +3 ring of dexterity (right tentacle)
Scrolls
 h - a scroll of blinking
 j - 3 scrolls of remove curse
 k - 5 scrolls of amnesia
Potions
 c - 7 potions of curing
 d - 12 potions of heal wounds
 g - 4 potions of berserk rage
 n - a potion of haste
Comestibles
 b - 8 rations


   Skills:
 * Level 9.9 Fighting
 + Level 4.3 Short Blades
 * Level 10.1 Dodging
 + Level 10.8 Stealth
 * Level 13.4 Spellcasting
 + Level 10.0 Conjurations
 + Level 2.6 Hexes
 + Level 0.4 Translocations
 * Level 12.0 Fire Magic
 + Level 1.0 Earth Magic
 + Level 6.6 Invocations


You had 5 spell levels left.
You knew the following spells:

 Your Spells              Type           Power        Failure   Level  Hunger
a - Foxfire               Conj/Fire      ####         1%          1    None
b - Conjure Flame         Conj/Fire      ######..     1%          3    None
c - Inner Flame           Hex/Fire       #####...     1%          3    None
d - Sticky Flame          Conj/Fire      ######..     1%          4    None
e - Fireball              Conj/Fire      ######....   1%          5    ####...
f - Searing Ray           Conj           ######       1%          2    None
g - Iskenderun's Mystic   Conj/Tloc      ####....     5%          4    None
h - Fulminant Prism       Conj/Hex       #####.....   3%          4    None
i - Bolt of Magma         Conj/Fire/Erth #####.....   5%          5    ####...

Your spell library contained the following spells:

 Spells                   Type           Power        Failure   Level  Hunger
 Magic Dart               Conj           ####         1%          1    None
 Shock                    Conj/Air       ####         1%          1    None
 Dazzling Flash           Conj/Hex       #####.       1%          3    None
 Static Discharge         Conj/Air       ####....     1%          3    None
 Stone Arrow              Conj/Erth      #####.       1%          3    None
 Beastly Appendage        Tmut           ##....       4%          1    None
 Confusing Touch          Hex            ###.....     4%          3    None
 Tukima's Dance           Hex            ###.....     4%          3    None
 Passwall                 Tmut/Erth      ###.....     6%          2    None
 Poisonous Vapours        Pois/Air       ##....       8%          2    None
 Spectral Weapon          Hex/Chrm       ###.....     9%          3    None
 Summon Guardian Golem    Hex/Summ       ###.....     9%          3    None
 Lesser Beckoning         Tloc           ###.......   12%         3    None
 Teleport Other           Tloc           ###.....     12%         3    None
 Recall                   Summ/Tloc      N/A          13%         3    None
 Lightning Bolt           Conj/Air       ####......   17%         5    ####...
 Leda's Liquefaction      Hex/Erth       ###.......   22%         4    None
 Yara's Violent Unravell  Hex/Tmut       ###.......   61%         5    ####...
 Borgnjor's Vile Clutch   Necr/Erth      ###.......   73%         5    ####...
 Starburst                Conj/Fire      ######....   8%          6    #####..
 Freezing Cloud           Conj/Ice/Air   ####......   88%         6    #####..
 Ignition                 Fire           ######....   93%         8    #######
 Ring of Flames           Chrm/Fire      #####.....   98%         7    #######
 Lehudib's Crystal Spear  Conj/Erth      #####.....   100%        8    #######
 Shatter                  Erth           ###.......   100%        9    #######
 Tornado                  Air            ##........   100%        9    #######


Dungeon Overview and Level Annotations

Branches:
Dungeon (1/1)

Altars:
Ashenzari
Cheibriados
Dithmenos
Elyvilon
Fedhas
Gozag
Hepliaklqana
Kikubaaqudgha
Makhleb
Nemelex Xobeh
Okawaru
Qazlal
Ru
Sif Muna
Trog
Uskayaw
Vehumet
Wu Jian
Xom
Yredelemnul
Zin
The Shining One
Beogh
Jiyva
Lugonu


Innate Abilities, Weirdness & Mutations

You cannot wear most types of armour.
You are very stealthy in the water. (Stealth+)
You are amphibious.
You can wear up to eight rings at the same time.
You can use your tentacles to constrict eight enemies at once.
Your skin changes colour to match your surroundings (Stealth+).
Your rubbery body absorbs attacks. (AC +1, EV +1)


Message History

* * * LOW HITPOINT WARNING * * *
Something barely misses you.
Unknown command.
You hit something. Lightning courses through something!
You feel you are being watched by something.
Something hits you!
* * * LOW HITPOINT WARNING * * *
Something hits you.
* * * LOW HITPOINT WARNING * * *
Something stings you.
* * * LOW HITPOINT WARNING * * *
You closely miss something.
You feel you are being watched by something.
Something closely misses you. Something hits you!
* * * LOW HITPOINT WARNING * * *
You feel clumsy. Something stings you.
* * * LOW HITPOINT WARNING * * *
You miss something. You squeeze something! Something hits you!
You die...

##..)##'##..## ...'. #
##..))......##...# .##
##.)###'###...##'##..S#
#..##.....##..#...#...#
#..'.......'..'...'...'
#..##.....##..#...#...#
##..###'###...##'## ..#
##..........##...#..##
##...##'##..###.@{'.#
#...##...##..##...###
#..###...###..'...#
#### ##### #######


There were no monsters in sight!

Vanquished Creatures
  A rakshasa (D)
  An orc high priest (D)
  A flayed ghost (D)
  2 deep elf magi (D)
  A merfolk siren (D)
  2 molten gargoyles (D)
  A kobold demonologist (D)
  A freezing wraith (D)
  A komodo dragon (D)
  An ice devil (D)
  A troll (D)
  10 blink frogs (D)
  2 snapping turtles (D)
  An air elemental (D)
  A wraith (D)
  A warg (D)
  2 floating eyes (D)
  An orc warrior (D)
  An ice beast (D)
  An eye of draining (D)
  A necrophage (D)
  An ogre (D)
  3 centaurs (D)
  5 killer bees (D)
  A scorpion (D)
  3 wights (D)
  An iron imp (D)
  A jelly (D)
  A worker ant (D)
  An iguana (D)
  3 mummies (D)
  An adder (D)
  A river rat (D)
  An ufetubus (D)
  An ooze (D)
  2 orcs (D)
  2 hobgoblins (D)
  A quokka (D)
  A ball python (D)
  A foxfire (D)
65 creatures vanquished.

Vanquished Creatures (collateral kills)
  An ice beast (D)
  2 wights (D)
  A gnoll (D)
4 creatures vanquished.

Vanquished Creatures (others)
  114 foxfires (D)
  6 fulminant prisms (D)
120 creatures vanquished.

Grand Total: 189 creatures vanquished

Notes
Turn   | Place    | Note
-------+----------+-------------------------------------------
     0 | D        | Conn the Octopode Fire Elementalist began the quest for the
                  | Orb.
     0 | D        | Reached XP level 1. HP: 11/11 MP: 3/3
     9 | D        | Noticed a floating eye
    17 | D        | Killed a floating eye
    17 | D        | Reached skill level 4 in Spellcasting
    17 | D        | Reached XP level 2. HP: 17/17 MP: 0/7
    17 | D        | Reached XP level 3. HP: 21/21 MP: 0/9
    17 | D        | Reached XP level 4. HP: 27/27 MP: 0/10
   126 | D        | Found a glowing golden altar of the Shining One.
   126 | D        | Found a glowing silver altar of Zin.
   126 | D        | Found a basalt altar of Yredelemnul.
   126 | D        | Found a shimmering altar of Xom.
   126 | D        | Found an ornate altar of the Wu Jian Council.
   126 | D        | Found a bloodstained altar of Trog.
   126 | D        | Found a shimmering blue altar of Sif Muna.
   126 | D        | Found a sacrificial altar of Ru.
   126 | D        | Found a stormy altar of Qazlal.
   126 | D        | Found an iron altar of Okawaru.
   126 | D        | Found a sparkling altar of Nemelex Xobeh.
   126 | D        | Found a burning altar of Makhleb.
   126 | D        | Found a viscous altar of Jiyva.
   126 | D        | Found a hazy altar of Hepliaklqana.
   126 | D        | Found an opulent altar of Gozag.
   126 | D        | Found a blossoming altar of Fedhas.
   126 | D        | Found a white marble altar of Elyvilon.
   126 | D        | Found a shadowy altar of Dithmenos.
   126 | D        | Found a snail-covered altar of Cheibriados.
   127 | D        | Found a radiant altar of Vehumet.
   127 | D        | Found a corrupted altar of Lugonu.
   127 | D        | Found a roughly hewn altar of Beogh.
   128 | D        | Found an ancient bone altar of Kikubaaqudgha.
   128 | D        | Found a hide-covered altar of Uskayaw.
   128 | D        | Found a shattered altar of Ashenzari.
   129 | D        | Became a worshipper of Sif Muna the Loreminder
   144 | D        | Learned a level 3 spell: Conjure Flame
   148 | D        | Learned a level 3 spell: Inner Flame
   153 | D        | Learned a level 4 spell: Sticky Flame
   158 | D        | Reached XP level 5. HP: 15/32 MP: 7/12
   394 | D        | Reached skill level 1 in Fighting
   394 | D        | Reached skill level 5 in Spellcasting
   403 | D        | Reached * piety under Sif Muna
   409 | D        | Noticed a floating eye
   409 | D        | Noticed a necrophage
   412 | D        | Killed a floating eye
   412 | D        | Reached skill level 5 in Stealth
   412 | D        | Reached XP level 6. HP: 35/41 MP: 8/14
   420 | D        | Killed a necrophage
   420 | D        | Reached ** piety under Sif Muna
   420 | D        | Reached skill level 5 in Dodging
   420 | D        | Reached skill level 6 in Spellcasting
   420 | D        | Reached skill level 5 in Conjurations
   593 | D        | Noticed an ice beast
   646 | D        | Reached *** piety under Sif Muna
   691 | D        | Reached skill level 1 in Short Blades
   691 | D        | Reached skill level 7 in Spellcasting
   691 | D        | Reached XP level 7. HP: 33/47 MP: 0/17
   697 | D        | Reached skill level 1 in Invocations
   699 | D        | Reached **** piety under Sif Muna
   889 | D        | Learned a level 5 spell: Fireball
   896 | D        | Noticed a molten gargoyle
   905 | D        | Killed a molten gargoyle
   905 | D        | Reached ***** piety under Sif Muna
   905 | D        | Received a gift from Sif Muna
   905 | D        | Reached skill level 5 in Fighting
   905 | D        | Reached skill level 8 in Spellcasting
   905 | D        | Reached XP level 8. HP: 38/55 MP: 20/20
  1113 | D        | Learned a level 2 spell: Searing Ray
  1118 | D        | Learned a level 4 spell: Iskenderun's Mystic Blast
  1132 | D        | Noticed a deep elf mage
  1132 | D        | Noticed an ice devil
  1133 | D        | Noticed a snapping turtle
  1141 | D        | Killed an ice devil
  1143 | D        | Killed a deep elf mage
  1143 | D        | Reached skill level 9 in Spellcasting
  1143 | D        | Reached skill level 5 in Invocations
  1143 | D        | Reached XP level 9. HP: 42/63 MP: 2/22
  1193 | D        | Reached skill level 10 in Fire Magic
  1402 | D        | Learned a level 4 spell: Fulminant Prism
  1525 | D        | Noticed a merfolk siren
  1525 | D        | Noticed a troll
  1526 | D        | Identified Sif Muna's Tome of Malediction and Moulding (Sif
                  | Muna gifted it to you in the Dungeon)
  1526 | D        | Received a gift from Sif Muna
  1529 | D        | Killed a troll
  1530 | D        | Killed a merfolk siren
  1530 | D        | Reached skill level 10 in Spellcasting
  1533 | D        | Noticed a molten gargoyle
  1550 | D        | Reached skill level 10 in Stealth
  1556 | D        | Reached skill level 11 in Spellcasting
  1556 | D        | Reached skill level 1 in Hexes
  1556 | D        | Reached XP level 10. HP: 65/72 MP: 3/25
  1560 | D        | Killed a molten gargoyle
  1679 | D        | Noticed a deep elf mage
  1686 | D        | Killed a deep elf mage
  1686 | D        | Received a gift from Sif Muna
  1692 | D        | Reached skill level 12 in Spellcasting
  1694 | D        | Noticed an orc high priest
  1777 | D        | Identified Sif Muna's Tome of the Mountains and Fire (Sif
                  | Muna gifted it to you in the Dungeon)
  1777 | D        | Received a gift from Sif Muna
  1964 | D        | Learned a level 5 spell: Bolt of Magma
  2004 | D        | Noticed a sixfirhy
  2006 | D        | Killed an orc high priest
  2192 | D        | Identified Sif Muna's Papyrus of the Fiery Birds (Sif Muna
                  | gifted it to you in the Dungeon)
  2192 | D        | Received a gift from Sif Muna
  2192 | D        | Reached XP level 11. HP: 56/80 MP: 13/27
  2360 | D        | Noticed a rakshasa
  2389 | D        | Killed a rakshasa
  2632 | D        | Reached skill level 13 in Spellcasting
  2689 | D        | Reached skill level 1 in Earth Magic
  2707 | D        | Identified Sif Muna's Guide on Warped Hexes (Sif Muna
                  | gifted it to you in the Dungeon)
  2707 | D        | Received a gift from Sif Muna
  2768 | D        | Reached skill level 10 in Dodging
  2824 | D        | Reached ****** piety under Sif Muna
  2998 | D        | Noticed a flayed ghost
  3014 | D        | HP: 2/81 [something (10)]
  3016 | D        | Killed a flayed ghost
  3016 | D        | Reached skill level 10 in Conjurations
  3021 | D        | HP: 2/121 [something (10)]
  3022 | D        | Mangled by a ghost moth

Illustrated notes

Levels and vault maps discovered:
D:        pitsprint [storerooms_1, entrance_room_1, metal_vault_5, armoury_2,
          mini_pit_1, grid_room_1, main_hall_1, silver_pit, the_coven_1,
          the_vestibule_1, steel_vault_2, golden_pit, hallway_of_sentries,
          crystal_vault_1, iron_vault_4, final_vault]

Skill      XL: |  1  2  3  4  5  6  7  8  9 10 11 |
---------------+----------------------------------+-----
Dodging        | 3 4 5 6 7 8 9 10 | 10.1
Stealth        | 4 5 6 7 9 10 | 10.8
Spellcasting   | 4 5 7 8 9 11 12 13 | 13.4
Conjurations   | 3 4 5 6 7 8 9 10 | 10.0
Fire Magic     | 6 7 8 9 10 11 12 | 12.0
Fighting       | 2 3 5 6 7 9 |  9.9
Short Blades   | 1 2 3 4 |  4.3
Invocations    | 3 5 6 |  6.6
Hexes          | 1 2 |  2.6
Earth Magic    | 1 |  1.0
Translocations | |  0.4

Action                   |  1- 3 |  4- 6 |  7- 9 | 10-12 || total
-------------------------+-------+-------+-------+-------++-------
Melee: Unarmed           |     2 |       |       |       ||     2
       Constrict         |     1 |     1 |     4 |     2 ||     8
       Tentacles         |     1 |       |     1 |     5 ||     7
       Dagger            |       |     5 |    16 |       ||    21
       Rapier            |       |       |     6 |    25 ||    31
 Cast: Foxfire           |     3 |    21 |    11 |    42 ||    77
       Sticky Flame      |       |     4 |     2 |     4 ||    10
       Conjure Flame     |       |     3 |     2 |     2 ||     7
       Fireball          |       |       |    13 |    14 ||    27
       Searing Ray       |       |       |     6 |     6 ||    12
       Fulminant Prism   |       |       |     2 |     4 ||     6
       Iskenderun's Myst |       |       |       |    13 ||    13
       Bolt of Magma     |       |       |       |     1 ||     1
       Inner Flame       |       |       |       |     1 ||     1
Invok: Channel Magic     |       |       |     2 |       ||     2
  Use: Potion            |       |       |     4 |     7 ||    11
       Scroll            |       |       |     1 |       ||     1
 Stab: Sleeping          |       |     3 |     3 |       ||     6
       Invisible         |       |       |     4 |     1 ||     5
  Eat: Chunk             |       |       |     2 |     7 ||     9
       Ration            |       |       |     1 |       ||     1
Armor: Skin              |       |       |       |     2 ||     2
Dodge: Dodged            |       |     9 |    24 |    55 ||    88

Table legend:
 A = Non-vault XP
 B = Vault XP
 C = Vault XP percentage of total XP
 D = Non-vault monster count
 E = Vault monster count
 F = Vault count percentage of total count
                 A         B        C        D         E       F
            +---------+---------+-------+---------+---------+-------
      Total |       0 |   12719 | 100.0 |       0 |      68 | 100.0
            +---------+---------+-------+---------+---------+-------
          D |       0 |   12719 | 100.0 |       0 |      68 | 100.0
            +---------+---------+-------+---------+---------+-------
